 Dungeon Crawl Stone Soup version 0.23-a0-451-g1044d4c (webtiles) character file.

279268 Offal the Brawler (level 20, -23/191 HPs)
             Began as a Troll Venom Mage on Nov 22, 2018.
             Was the Champion of Okawaru.
             Annihilated by Mennas
             ... wielding a +2 sacred scourge of holy wrath
              (36 damage)
             ... on level 4 of the Vaults on Nov 23, 2018.
             The game lasted 03:06:27 (42008 turns).

Offal the Brawler (Troll Venom Mage)               Turns: 42008, Time: 03:06:28

Health: -23/191    AC: 31    Str: 16    XL:     20   Next: 3%
Magic:  26/26      EV:  1    Int: 17    God:    Okawaru [******]
Gold:   2788       SH: 24    Dex: 14    Spells: 18/28 levels left

rFire    + + +     SeeInvis +     - Unarmed
rCold    . . .     Gourm    +   b - +2 large shield of Cagrerus {Slay+5 Stlth-}
rNeg     . . .     Faith    .   I - +1 gold dragon scales
rPois    +         Spirit   .   Q - +1 hat {MR+}
rElec    .         Reflect  +   g - +2 cloak {+Inv}
rCorr    .         Harm     .   (gloves unavailable)
MR       ++...     Clarity  +   (boots unavailable)
Stlth    ..........             M - +4 amulet of reflection
HPRegen  0.81/turn              a - ring of Puem {rF++ Str-5 Int+3 Dex+4 Slay+4}
MPRegen  0.20/turn              w - ring "Pufydeuqecs" {Fire Str-3 Int-4 Slay+6 SInv}

@: marked, hasted, glowing, studying 2 skills, silenced, very quick
A: large, unfitting armour, claws 3, horns 1, yellow scales 1, clarity, clever
2, fire resistance 2, fast metabolism 3, gourmand, regeneration 1, shaggy fur 2,
tough skin 2, no potion heal 1
}: 1/15 runes: gossamer
a: Renounce Religion, Evoke Invisibility


You were on level 4 of the Vaults.
You worshipped Okawaru.
Okawaru was exalted by your worship.
You were very full.

You visited 5 branches of the dungeon, and saw 31 of its levels.
You also visited: Trove, Sewer and Desolation.

You collected 3690 gold pieces.
You spent 902 gold pieces at shops.

Inventory:

Missiles
 v - 15 silver javelins
 J - 2 throwing nets
 X - 60 large rocks (quivered)
Armour
 b - the +2 large shield of Cagrerus (worn) {Slay+5 Stlth-}
   (Okawaru gifted it to you on level 3 of the Spider Nest)

   It affects your accuracy and damage with ranged weapons and melee attacks
   (+5).
   It makes you less stealthy.
 g - a +2 cloak of invisibility (worn)
 r - the +2 robe "Dupn" {rCorr Int+3}
   (Okawaru gifted it to you on level 4 of the Vaults)

   It affects your intelligence (+3).
   It provides partial protection from all sources of acid and corrosion.
 I - +1 gold dragon scales (worn)
 O - +0 ice dragon scales
 Q - a +1 hat of magic resistance (worn)
Jewellery
 a - the ring of Puem (left claw) {rF++ Str-5 Int+3 Dex+4 Slay+4}
   (You found it on level 12 of the Dungeon)

   [ring of dexterity]

   It affects your strength (-5).
   It affects your intelligence (+3).
   It affects your dexterity (+4).
   It affects your accuracy and damage with ranged weapons and melee attacks
   (+4).
   It greatly protects you from fire.
 s - the amulet "Kituuban" {+Rage rF+ Str+4}
   (You found it in a treasure trove)

   [amulet of rage]

   It affects your strength (+4).
   It protects you from fire.
   It lets you go berserk.
 w - the ring "Pufydeuqecs" (right claw) {Fire Str-3 Int-4 Slay+6 SInv}
   (You found it on level 12 of the Dungeon)

   [ring of fire]

   It enhances your fire magic.
   It affects your strength (-3).
   It affects your intelligence (-4).
   It affects your accuracy and damage with ranged weapons and melee attacks
   (+6).
   It protects you from fire.
   It makes you vulnerable to cold.
   It lets you see invisible.
 B - the ring "Elixteoh" {+Blink Int-3 Dex+3 Stlth-}
   (You found it in the Desolation of Salt)

   [ring of attention]

   It affects your intelligence (-3).
   It affects your dexterity (+3).
   It lets you blink.
   It makes you less stealthy.
 M - a +4 amulet of reflection (around neck)
 R - an uncursed ring of protection from magic
 T - the ring of Red Wine {Fire rPois rN+++ MP-9 Int-2}
   (You found it in a treasure trove)

   [ring of fire]

   It enhances your fire magic.
   It affects your intelligence (-2).
   It protects you from fire.
   It makes you vulnerable to cold.
   It protects you from poison.
   It renders you almost immune to negative energy.
   It affects your magic capacity (-9).
Wands
 p - a wand of disintegration (40)
 F - a wand of iceblast (35)
 K - a wand of flame (23)
 N - a wand of digging (10)
 Y - a wand of acid (21)
Scrolls
 d - a scroll of magic mapping
 f - 4 scrolls of fog
 i - 12 scrolls of teleportation
 n - a scroll of identify
 x - 13 scrolls of remove curse
 y - 3 scrolls of holy word
 A - 3 scrolls of blinking
 P - 7 scrolls of immolation
 V - 4 scrolls of fear
Potions
 e - 2 potions of invisibility
 h - 2 potions of berserk rage
 j - 3 potions of cancellation
 k - 4 potions of haste
 l - 14 potions of curing
 m - 12 potions of heal wounds
 t - 5 potions of flight
 z - 2 potions of magic
 C - 5 potions of agility
 D - 3 potions of might
 E - 3 potions of resistance
 H - 3 potions of ambrosia
Books
 u - a manual of Invocations
 G - a manual of Shields
Miscellaneous
 o - a phial of floods
 L - a lamp of fire
 W - a sack of spiders
Comestibles
 c - 41 rations


   Skills:
 * Level 10.3 Fighting
   Level 0.2 Long Blades
 - Level 6.0 Throwing
 * Level 14.4 Armour
 - Level 1.5 Dodging
 - Level 1.0 Stealth
 + Level 12.5 Shields
 + Level 20.0 Unarmed Combat
 - Level 4.9 Spellcasting
 - Level 0.6 Conjurations
 - Level 3.0 Air Magic
 - Level 6.4 Poison Magic
 * Level 10.3 Invocations
 - Level 5.0 Evocations


You had 18 spell levels left.
You knew the following spells:

 Your Spells              Type           Power        Failure   Level  Hunger
a - Sting                 Conj/Pois      ###.         100%        1    None
b - Poisonous Vapours     Pois/Air       ###...       100%        2    #......
c - Olgreb's Toxic Radia  Pois           ####....     100%        4    ####...
d - Confusing Touch       Hex            #.....       100%        1    None
e - Song of Slaying       Chrm           #.......     100%        2    #......

Your spell library contained the following spells:

 Spells                   Type           Power        Failure   Level  Hunger
 Animate Skeleton         Necr           N/A          100%        1    None
 Corona                   Hex            #......      100%        1    None
 Pain                     Necr           #...         100%        1    None
 Corpse Rot               Necr           N/A          100%        2    #......
 Slow                     Hex            #.......     100%        2    #......
 Sublimation of Blood     Necr           #.........   100%        2    #......
 Confuse                  Hex            #.......     100%        3    ###....
 Gell's Gravitas          Tloc           #.........   100%        3    ###....
 Inner Flame              Hex/Fire       #.......     100%        3    ###....
 Mephitic Cloud           Conj/Pois/Air  ###.....     100%        3    ###....
 Ozocubu's Armour         Chrm/Ice       #.......     100%        3    ###....
 Portal Projectile        Hex/Tloc       #.....       100%        3    ###....
 Regeneration             Chrm/Necr      #.........   100%        3    ###....
 Vampiric Draining        Necr           #.........   100%        3    ###....
 Animate Dead             Necr           N/A          100%        4    ####...
 Cause Fear               Hex            #.........   100%        4    ####...
 Ice Form                 Ice/Tmut       #.......     100%        4    ####...
 Leda's Liquefaction      Hex/Erth       #.........   100%        4    ####...
 Petrify                  Tmut/Erth      #.......     100%        4    ####...
 Agony                    Necr           #.......     100%        5    ######.
 Bolt of Draining         Conj/Necr      #.........   100%        5    ######.
 Dispel Undead            Necr           #.......     100%        5    ######.
 Excruciating Wounds      Chrm/Necr      #.........   100%        5    ######.
 Iskenderun's Battlesphe  Conj/Chrm      #.......     100%        5    ######.
 Metabolic Englaciation   Hex/Ice        #.........   100%        5    ######.
 Venom Bolt               Conj/Pois      ###.......   100%        5    ######.
 Yara's Violent Unravell  Hex/Tmut       #.........   100%        5    ######.
 Bolt of Cold             Conj/Ice       #.........   100%        6    #######
 Freezing Cloud           Conj/Ice/Air   #.........   100%        6    #######
 Ozocubu's Refrigeration  Ice            #.........   100%        6    #######
 Poison Arrow             Conj/Pois      ###.......   100%        6    #######
 Simulacrum               Ice/Necr       #.........   100%        6    #######
 Ring of Flames           Chrm/Fire      #.........   100%        7    #######
 Chain Lightning          Conj/Air       ##........   100%        8    #######
 Lehudib's Crystal Spear  Conj/Erth      #.........   100%        8    #######
 Fire Storm               Conj/Fire      #.........   100%        9    #######
 Glaciate                 Conj/Ice       #.........   100%        9    #######


Dungeon Overview and Level Annotations

Branches:
Dungeon (15/15)            Temple (0/1) D:7            Lair (6/6) D:8
  Swamp (0/4) Lair:3       Spider (4/4) Lair:3        Slime (0/5) Lair:6
    Orc (2/2) D:10            Elf (0/3) Orc:2        Vaults (4/5) D:13
  Crypt (0/3) Vaults:2     Depths (0/5) D:15

Altars:
Ashenzari
Elyvilon
Fedhas
Gozag
Kikubaaqudgha
Makhleb
Okawaru
Ru
Sif Muna
Trog
Vehumet
Wu Jian
Xom
Yredelemnul
Beogh

Shops:
D:4 *   D:11 [   Orc:2 *[!**   Vaults:3 =   Vaults:4 =

Annotations:
D:2 exclusion: downstairs
D:3 Grinder
D:7 exclusion: downstairs
D:10 4 runed doors
D:13 exclusion: downstairs
Spider:3 3 runed doors, Kirum's ghost, adept NaWn
Vaults:1 1 runed door, Xaq Wocw's ghost, master HOAK
Vaults:4 Mennas


Innate Abilities, Weirdness & Mutations

You are too large for most types of armour.
You have claws for hands.
Your metabolism is lightning-fast.
You like to eat raw meat.
Your natural rate of healing is unusually fast.
You are covered in thick fur. (AC +2)
You have very tough skin. (AC +2)
You have a pair of small horns on your head.
You are partially covered in yellow scales. (AC +2)
You possess an exceptional clarity of mind.
Your mind is very acute. (Int +4)
Your flesh is very heat resistant. (rF++)
Potions are less effective at restoring your health.


Message History

Mennas is moderately wounded.
You block Mennas's attack.
Mennas hits you with a +2 sacred scourge of holy wrath!!
The war gargoyle launches metal splinters at you.
The spray of metal splinters hits you!
* * * LOW HITPOINT WARNING * * *
Mennas hits you with a +2 sacred scourge of holy wrath!!!
* * * LOW HITPOINT WARNING * * *
You block Mennas's attack.
Things that are here:
a +0 falchion; a +0 ring mail
Okay, then.
Mennas hits you with a +2 sacred scourge of holy wrath!
* * * LOW HITPOINT WARNING * * *
You block Mennas's attack.
There is an open door, spattered with blood here.
Okay, then.
You feel yourself speed up.
Mennas hits you with a +2 sacred scourge of holy wrath!!!
You die...

#......)).#......#.#.........#...
#.........#......#.# #...
#........)#).....#.# #...
#.........#......#.# #...
#.........#......#.######## #...
#.........#......#........( ....
#.........#......#......... ...
#.........#......#...9..... ..
#.........######@#......... .
................Ap........ .
....................##### #
...........(........#
..............).....#
...............(....#
....................#
.########..........(#
#...........#


You could see Mennas and an ironbrand convoker.

Vanquished Creatures
  Mara (Vaults:3)
  Sojobo (Vaults:4)
  Arachne (Spider:3)
  Frances (Spider:2)
  Gastronok (D:8)
  2 tengu reavers (Vaults:4)
  Agnes (Vaults:3)
  Kirke (D:15)
  8 ghost moths
  A fire giant (Vaults:3)
  2 draconian knights (Vaults:3)
  3 vault wardens
  2 imperial myrmidons (Desolation)
  Louise (D:15)
  4 emperor scorpions (Spider:4)
  8 ironheart preservers
  A war gargoyle (Vaults:2)
  2 spriggan defenders (Vaults:3)
  4 stone giants
  3 entropy weavers
  Azrael (Spider:2)
  A deep elf demonologist (Vaults:4)
  3 halazid warlocks (Desolation)
  A spark wasp (Spider:4)
  A deep elf death mage (Vaults:4)
  2 fire dragons
  2 ettins
  3 crystal guardians
  4 ragged hierophants (Desolation)
  5 rakshasas
  6 servants of whispers (Desolation)
  5 yaktaur captains
  3 ice dragons
  2 great orbs of eyes (Vaults:3)
  8 peacekeepers (Desolation)
  7 centaur warriors
  13 hydras
  Harold (Lair:2)
  29 two-headed ogres
  2 death knights
  10 ogre magi
  A tengu warrior (D:10)
  An alligator (shapeshifter) (D:15)
  8 death yaks (Lair:4)
  An orc high priest (Orc:1)
  2 deep elf knights
  8 skeletal warriors
  2 unseen horrors (Vaults:1)
  A shadow wraith (D:13)
  2 glowing orange brains
  5 deep trolls
  2 wizards
  A flayed ghost (Vaults:4)
  A tengu zombie (Vaults:3)
  2 swamp dragons
  2 deep elf archers (Vaults:2)
  19 orc knights
  15 ironbrand convokers
  A lindwurm (Lair:4)
  2 orc sorcerers
  4 harpies (Vaults:1)
  5 cyclopes
  12 orb spiders
  2 necromancers (Vaults:3)
  7 deep elf magi
  35 ugly things
  29 wolf spiders
  A wolf spider zombie (D:15)
  A tengu skeleton (Vaults:3)
  2 moths of wrath (Spider:4)
  8 manticores
  5 black mambas
  Joseph (D:8)
  14 vault sentinels
  2 torpor snails
  5 guardian serpents (Desolation)
  A guardian serpent (shapeshifter) (D:13)
  A molten gargoyle (Desolation)
  2 gargoyles
  16 spiny frogs
  A rime drake (shapeshifter) (D:12)
  2 kobold demonologists
  3 rime drakes
  14 yaktaurs
  2 efreet
  A human skeleton (Vaults:3)
  15 demonic crawlers
  7 komodo dragons
  6 freezing wraiths
  A tengu conjurer (D:15)
  3 meliai (D:14)
  10 hornets
  8 trolls
  A merfolk (D:9)
  Prince Ribbit (D:5)
  A wind drake (shapeshifter) (D:13)
  10 polar bears
  43 jumping spiders
  55 saltlings (Desolation)
  9 dream sheep
  3 raiju (Lair:6)
  A snapping turtle (shapeshifter) (D:15)
  31 slime creatures
  8 hippogriffs
  A human simulacrum (Vaults:3)
  Sigmund (D:4)
  4 wraiths
  An ettin skeleton (Vaults:3)
  4 water elementals (D:14)
  71 redbacks
  27 yaks
  A shadow (D:12)
  31 tarantellas
  A fire elemental (Spider:2)
  4 wyverns
  2 humans (D:9)
  7 basilisks
  3 steam dragons (Lair:6)
  11 vampire mosquitoes
  4 hungry ghosts (D:10)
  Menkaure (D:5)
  A human zombie (Vaults:3)
  11 wargs
  A soldier ant (D:14)
  5 insubstantial wisps (Lair:3)
  A soldier ant (shapeshifter) (Vaults:1)
  10 water moccasins
  18 hell hounds
  3 acid dragons
  44 orc warriors
  11 porcupines
  3 ice beasts
  2 swamp drakes (Lair:6)
  2 eyes of draining (shapeshifter)
  15 black bears
  4 sky beasts
  25 wolves
  An eye of draining (D:11)
  5 phantoms
  26 ogres
  6 boggarts (Vaults:2)
  12 centaurs
  10 crocodiles
  Blork the orc (D:11)
  3 big kobolds
  22 bullfrogs
  3 scorpions
  A wyvern skeleton (D:10)
  3 troll zombies (D:10)
  5 killer bees
  3 electric eels
  3 howler monkeys
  4 crimson imps
  A bullfrog zombie (D:10)
  6 centaur zombies
  3 jellies
  A quasit (D:10)
  6 centaur skeletons
  9 hounds
  16 orc priests
  A bullfrog skeleton (D:7)
  Ijyb (D:3)
  5 iguanas
  Natasha (thrice) (D:4)
  27 orc wizards
  A merfolk siren (Sewer)
  11 worker ants
  Terence (D:3)
  A merfolk avatar (Sewer)
  3 ogre zombies (D:10)
  A hound skeleton (D:9)
  2 hound zombies
  A worker ant zombie (D:11)
  10 adders
  5 gnolls
  2 river rats (Sewer)
  6 shadow imps
  An ooze (D:3)
  2 adder skeletons
  3 worms
  2 dart slugs
  6 leopard geckos
  104 orcs
  7 ball pythons
  11 bats
  8 giant cockroaches
  10 goblins
  5 hobgoblins
  28 jackals
  27 kobolds
  4 quokkas
  9 frilled lizards
  A goblin skeleton (D:10)
  2 goblin zombies (D:10)
  4 hobgoblin zombies (D:10)
  3 orc skeletons (D:10)
  9 orc zombies (D:10)
  A quokka skeleton (D:5)
  30 rats
  A fungus (Lair:6)
  A plant (Lair:6)
1462 creatures vanquished.

Vanquished Creatures (others)
  A centaur warrior (Vaults:3)
  An unseen horror (Vaults:1)
  A deep elf archer (Vaults:4)
  3 cyclopes
  3 yaktaurs
  A jumping spider (Spider:3)
  3 redbacks
  6 humans (D:15)
  2 centaurs (Vaults:1)
  2 orc wizards
  3 orcs
  7 fungi
  A pillar of salt (Vaults:2)
  25 plants
  A withered plant (Vaults:1)
60 creatures vanquished.

Grand Total: 1522 creatures vanquished

Notes
Turn   | Place    | Note
-------+----------+-------------------------------------------
     0 | D:1      | Offal the Troll Venom Mage began the quest for the Orb.
     0 | D:1      | Reached XP level 1. HP: 16/16 MP: 1/1
   213 | D:1      | Reached XP level 2. HP: 24/24 MP: 3/3
   244 | D:1      | Learned a level 2 spell: Poisonous Vapours
   419 | D:1      | Reached skill level 1 in Unarmed Combat
   483 | D:1      | Reached XP level 3. HP: 31/31 MP: 4/4
  1300 | D:2      | Reached XP level 4. HP: 39/39 MP: 5/5
  1543 | D:2      | You fall through a shaft for 2 floors!
  1573 | D:4      | Reached skill level 1 in Air Magic
  1673 | D:4      | Reached skill level 2 in Unarmed Combat
  1795 | D:4      | Noticed Sigmund
  1799 | D:4      | Gained mutation: Your flesh is heat resistant. (rF+)
                  | [potion of mutation]
  1799 | D:4      | Gained mutation: You evolve. [potion of mutation]
  1799 | D:4      | Gained mutation: You possess an exceptional clarity of
                  | mind. [potion of mutation]
  1809 | D:4      | Killed Sigmund
  1809 | D:4      | Reached skill level 1 in Fighting
  1809 | D:4      | Reached skill level 3 in Unarmed Combat
  1809 | D:4      | Reached XP level 5. HP: 43/48 MP: 6/6
  1809 | D:4      | Reached XP level 6. HP: 50/55 MP: 7/7
  1816 | D:4      | Found Mustira's General Store.
  1835 | D:4      | Bought a scroll of teleportation for 36 gold pieces
  1838 | D:3      | Found a bloodstained altar of Trog.
  1852 | D:3      | Reached skill level 4 in Unarmed Combat
  1963 | D:3      | Learned a level 4 spell: Olgreb's Toxic Radiance
  2234 | D:3      | Noticed Grinder
  2736 | D:3      | Noticed Terence
  2736 | D:3      | Noticed Ijyb
  2741 | D:3      | Killed Ijyb
  2749 | D:3      | Killed Terence
  2795 | D:3      | Noticed an ice beast
  2813 | D:3      | Killed an ice beast
  2813 | D:3      | Reached skill level 5 in Unarmed Combat
  2813 | D:3      | Reached XP level 7. HP: 34/62 MP: 2/8
  2965 | D:4      | Noticed Natasha
  2968 | D:4      | Killed Natasha
  3392 | D:4      | Noticed Natasha
  3405 | D:4      | Killed Natasha
  3467 | D:4      | Noticed Natasha
  3469 | D:4      | Killed Natasha
  3542 | D:5      | Entered Level 5 of the Dungeon
  3606 | D:5      | Found an opulent altar of Gozag.
  3654 | D:5      | Noticed Menkaure
  3661 | D:5      | Killed Menkaure
  3661 | D:5      | Reached skill level 6 in Unarmed Combat
  3763 | D:5      | Found a radiant altar of Vehumet.
  3784 | D:5      | Found an iron altar of Okawaru.
  3799 | D:5      | Became a worshipper of Warmaster Okawaru
  3808 | D:5      | Noticed Prince Ribbit
  3831 | D:5      | Killed Prince Ribbit
  3831 | D:5      | Reached XP level 8. HP: 69/70 MP: 10/10
  3845 | D:5      | Gained mutation: You are partially covered in yellow
                  | scales. (AC +2) [evolution]
  3850 | D:5      | Found a shattered altar of Ashenzari.
  3934 | D:5      | Found a glowing drain.
  3944 | Sewer    | Entered a sewer
  4617 | D:6      | Reached skill level 7 in Unarmed Combat
  4754 | D:6      | Found a blossoming altar of Fedhas.
  4830 | D:6      | Reached * piety under Okawaru
  4891 | D:6      | Noticed a hornet
  4898 | D:6      | Killed a hornet
  5047 | D:6      | Reached skill level 8 in Unarmed Combat
  5102 | D:6      | Found a deep blue altar of Sif Muna.
  5339 | D:6      | Found an ornate altar of the Wu Jian Council.
  5341 | D:6      | Found a white marble altar of Elyvilon.
  5629 | D:7      | Reached XP level 9. HP: 76/76 MP: 12/12
  5701 | D:7      | Found a staircase to the Ecumenical Temple.
  5734 | D:7      | Reached ** piety under Okawaru
  5810 | D:7      | Reached skill level 1 in Invocations
  6582 | D:7      | Found a basalt altar of Yredelemnul.
  6616 | D:7      | Reached skill level 9 in Unarmed Combat
  6677 | D:8      | Noticed a two-headed ogre
  6693 | D:8      | Killed a two-headed ogre
  6806 | D:8      | Noticed Gastronok
  6806 | D:8      | Noticed a two-headed ogre
  6841 | D:8      | Reached skill level 5 in Poison Magic
  6842 | D:8      | Reached *** piety under Okawaru
  6857 | D:8      | Killed a two-headed ogre
  6857 | D:8      | Reached XP level 10. HP: 8/84 MP: 1/15
  7035 | D:8      | Found a staircase to the Lair.
  7046 | D:8      | Noticed Joseph
  7069 | D:8      | Killed Joseph
  7742 | D:9      | Reached **** piety under Okawaru
  7756 | D:9      | Reached skill level 10 in Unarmed Combat
  7995 | D:9      | Noticed a two-headed ogre
  8023 | D:9      | Killed a two-headed ogre
  8131 | D:9      | Reached skill level 1 in Evocations
  8229 | D:9      | Gained mutation: Your mind is acute. (Int +2) [evolution]
  8474 | D:9      | Reached ***** piety under Okawaru
  8658 | D:9      | Found a burning altar of Makhleb.
  8659 | D:9      | Found an ancient bone altar of Kikubaaqudgha.
  8659 | D:9      | Found a shimmering altar of Xom.
  8749 | D:9      | Found an iron altar of Okawaru.
  8766 | D:9      | Received a gift from Okawaru
  8775 | D:9      | Reached XP level 11. HP: 79/96 MP: 17/17
  8899 | D:9      | Found a sacrificial altar of Ru.
  9105 | D:10     | Entered Level 10 of the Dungeon
  9348 | D:10     | Noticed a four-headed hydra
  9361 | D:10     | Killed a seven-headed hydra
  9361 | D:10     | Reached skill level 1 in Armour
  9637 | D:10     | Found a staircase to the Orcish Mines.
  9753 | D:10     | Found a large runed door.
  9753 | D:10     | Found a large runed door.
  9768 | D:10     | Noticed a two-headed ogre
  9784 | D:10     | Killed a two-headed ogre
  9784 | D:10     | Reached skill level 11 in Unarmed Combat
  9805 | D:10     | Found a large runed door.
  9805 | D:10     | Found a large runed door.
  9886 | D:10     | Noticed a fire dragon
  9887 | D:10     | Identified the +7 short sword of the Endless Expanse
                  | {protect, *Corrode Int+6}
 10051 | D:10     | Noticed a tengu warrior
 10079 | D:10     | Killed a tengu warrior
 10508 | D:10     | Noticed a two-headed ogre
 10518 | D:10     | Killed a two-headed ogre
 10780 | D:11     | Got a transparent golden ring
 10784 | D:11     | Identified the ring "Erikli" {rF+ Int+2} (You found it on
                  | level 11 of the Dungeon)
 10974 | D:8      | Killed Gastronok
 10974 | D:8      | Received a gift from Okawaru
 10974 | D:8      | Reached skill level 5 in Invocations
 11098 | D:11     | Found Car Goal's Antique Armour Emporium.
 11114 | D:11     | You fall through a shaft!
 11284 | D:11     | Reached XP level 12. HP: 91/107 MP: 18/18
 11337 | D:11     | Noticed Blork the orc
 11362 | D:11     | Killed Blork the orc
 11423 | D:11     | Found a deep blue altar of Sif Muna.
 11643 | D:11     | Reached skill level 12 in Unarmed Combat
 11763 | D:11     | Reached skill level 5 in Armour
 11847 | D:11     | Gained mutation: Your mind is very acute. (Int +4)
                  | [evolution]
 12579 | D:12     | Noticed an eight-headed hydra
 12584 | D:12     | Reached ****** piety under Okawaru
 12584 | D:12     | Received a gift from Okawaru
 12585 | D:12     | Killed an eight-headed hydra
 12639 | D:12     | Got a faintly glowing glass ring
 12650 | D:12     | Got a warped ruby amulet
 12653 | D:12     | Got a wavering lapis lazuli ring
 12658 | D:12     | Identified the amulet "Tusad" {Gourm *Corrode MR+ Int+3}
                  | (You found it on level 12 of the Dungeon)
 12661 | D:12     | Identified the ring "Pufydeuqecs" {Fire Str-3 Int-4 Slay+6
                  | SInv} (You found it on level 12 of the Dungeon)
 12663 | D:12     | Identified the ring of Puem {rF++ Str-5 Int+3 Dex+4 Slay+4}
                  | (You found it on level 12 of the Dungeon)
 12712 | D:12     | Gained mutation: You have a pair of small horns on your
                  | head. [evolution]
 12733 | D:12     | Got a faintly glowing graven amulet
 12734 | D:12     | Identified the amulet "Syeryi Afie" {Harm *Drain rN+ Dex+7}
                  | (You found it on level 12 of the Dungeon)
 13136 | D:13     | Reached skill level 5 in Fighting
 13227 | D:13     | Reached skill level 13 in Unarmed Combat
 13380 | D:13     | Reached XP level 13. HP: 113/118 MP: 19/19
 13822 | D:13     | Found a gate to the Vaults.
 14162 | D:13     | Received a gift from Okawaru
 14165 | D:13     | Got a slimy robe {god gift}
 14176 | D:13     | Identified the +1 robe "Jiha" {+Inv Int-2 Dex-4 SInv}
                  | (Okawaru gifted it to you on level 13 of the Dungeon)
 15467 | D:14     | Gained mutation: Potions are less effective at restoring
                  | your health. [evolution]
 15846 | D:15     | Entered Level 15 of the Dungeon
 15848 | D:15     | Noticed Louise
 15868 | D:15     | Killed Louise
 16165 | D:15     | Found a portal to a secret trove of treasure.
 16183 | D:15     | Reached skill level 10 in Armour
 16252 | D:15     | Received a gift from Okawaru
 16310 | D:15     | Reached XP level 14. HP: 92/131 MP: 20/20
 16313 | D:15     | Reached skill level 1 in Shields
 16320 | D:15     | Noticed Kirke
 16469 | D:15     | Killed Kirke
 17180 | D:15     | Reached skill level 1 in Throwing
 17190 | D:15     | Received a gift from Okawaru
 17372 | D:15     | Noticed a ghost moth
 17372 | D:15     | a queen ant changed into a ghost moth
 17375 | D:15     | a ghost moth changed into an alligator
 17382 | D:15     | Reached skill level 14 in Unarmed Combat
 17465 | D:15     | Found a staircase to the Depths.
 18012 | Lair:1   | Entered Level 1 of the Lair of Beasts
 18367 | Lair:1   | Learned a level 1 spell: Confusing Touch
 18585 | Lair:1   | Received a gift from Okawaru
 19411 | Lair:2   | Noticed Harold
 19425 | Lair:2   | Killed Harold
 19810 | Lair:3   | Found a hole to the Spider Nest.
 19990 | Lair:3   | Found a staircase to the Swamp.
 20740 | Lair:4   | Reached XP level 15. HP: 117/140 MP: 21/21
 21073 | Lair:4   | Received a gift from Okawaru
 21073 | Lair:4   | Reached skill level 5 in Shields
 22041 | Lair:5   | Found a transporter.
 22068 | Lair:5   | Found a transporter.
 22068 | Lair:5   | Found a shattered altar of Ashenzari.
 22172 | Lair:5   | Identified the Reference Book on Vitriolic Boosts
 22177 | Lair:5   | Learned a level 2 spell: Song of Slaying
 22386 | Lair:6   | Entered Level 6 of the Lair of Beasts
 23143 | Lair:6   | Received a gift from Okawaru
 23380 | Lair:6   | Found a staircase to the Slime Pits.
 23732 | Lair:6   | Received a gift from Okawaru
 24461 | Orc:1    | Entered Level 1 of the Orcish Mines
 24791 | Orc:1    | Gained mutation: You are covered in thick fur. (AC +2)
                  | [evolution]
 24921 | Orc:2    | Entered Level 2 of the Orcish Mines
 26180 | Orc:2    | Found Xanein's Distillery.
 26196 | Orc:2    | Bought 2 potions of heal wounds for 150 gold pieces
 26403 | Orc:2    | Found a staircase to the Elven Halls.
 26478 | Orc:2    | Found Yzefopn's General Store.
 26478 | Orc:2    | Found Yzot's Assorted Antiques.
 26492 | Orc:2    | Bought a scroll of enchant armour for 172 gold pieces
 26492 | Orc:2    | Bought a scroll of enchant armour for 172 gold pieces
 26492 | Orc:2    | Bought a potion of heal wounds for 115 gold pieces
 26528 | Orc:2    | Reached XP level 16. HP: 123/149 MP: 22/22
 26779 | Orc:2    | Found a roughly hewn altar of Beogh.
 26830 | Orc:2    | Received a gift from Okawaru
 27088 | Orc:2    | Found Wil Keczawu's Assorted Antiques.
 27088 | Orc:2    | Found Osuok's Antique Armour Shop.
 27093 | Orc:2    | Bought a wand of digging (8) for 208 gold pieces
 27093 | Orc:2    | Bought a scroll labeled CAGISMERUCK for 26 gold pieces
 27480 | Orc:2    | Bought a scroll labeled URAFEF VYUV for 23 gold pieces
 27637 | Spider:1 | Entered Level 1 of the Spider Nest
 27693 | Spider:1 | Received a gift from Okawaru
 27815 | Spider:1 | Reached skill level 5 in Evocations
 27932 | Spider:1 | Received a gift from Okawaru
 27963 | Spider:1 | Reached skill level 5 in Throwing
 28974 | Spider:2 | Noticed Azrael
 28988 | Spider:2 | Killed Azrael
 29883 | Spider:2 | Received a gift from Okawaru
 29919 | Spider:2 | Reached skill level 15 in Unarmed Combat
 29924 | Spider:2 | Noticed Frances
 29945 | Spider:2 | Killed Frances
 30140 | Spider:3 | Received a gift from Okawaru
 30474 | Spider:3 | Received a gift from Okawaru
 30485 | Spider:3 | Got a fine large shield {god gift}
 30515 | Spider:2 | Identified the +2 large shield of Cagrerus {Slay+5 Stlth-}
                  | (Okawaru gifted it to you on level 3 of the Spider Nest)
 30639 | Spider:3 | Noticed Arachne
 30803 | Spider:3 | Killed Arachne
 31020 | Spider:3 | Found a runed gate.
 31020 | Spider:3 | Found a runed gate.
 31020 | Spider:3 | Found a runed gate.
 31020 | Spider:3 | Noticed Kirum's ghost (adept NaWn)
 31149 | Spider:4 | Entered Level 4 of the Spider Nest
 31244 | Spider:4 | Reached skill level 16 in Unarmed Combat
 31381 | Spider:3 | Reached XP level 17. HP: 41/157 MP: 1/23
 31399 | Spider:3 | HP: 7/157 [poisoned by a wolf spider]
 31404 | Spider:3 | HP: 5/157 [poisoned by a wolf spider]
 31409 | Spider:3 | HP: 5/157 [poisoned by a wolf spider]
 31414 | Spider:3 | HP: 6/157 [poisoned by a wolf spider]
 33332 | Spider:4 | Received a gift from Okawaru
 33402 | Spider:4 | Reached skill level 17 in Unarmed Combat
 33567 | Spider:4 | Got a gossamer rune of Zot
 33955 | Vaults:1 | Entered Level 1 of the Vaults
 34625 | Vaults:1 | Received a gift from Okawaru
 34771 | Vaults:1 | Found a runed door.
 34776 | Vaults:1 | Noticed Xaq Wocw's ghost (master HOAK)
 34848 | Vaults:1 | Reached XP level 18. HP: 123/169 MP: 24/24
 35080 | Vaults:1 | You fall through a shaft!
 35129 | Vaults:2 | Reached skill level 10 in Shields
 35251 | Vaults:2 | Found a ruined gateway.
 35279 | Vaults:2 | Reached skill level 18 in Unarmed Combat
 35418 | Desolati | Entered the Desolation of Salt
 35528 | Desolati | Got a wavering silver ring
 35529 | Desolati | Identified the ring "Elixteoh" {+Blink Int-3 Dex+3 Stlth-}
                  | (You found it in the Desolation of Salt)
 35585 | Desolati | Received a gift from Okawaru
 35719 | Desolati | Got a steaming wooden ring
 35722 | Desolati | Identified the ring "Kaz Edom" {rPois rC- Str+6 Int+8} (You
                  | found it in the Desolation of Salt)
 35731 | Desolati | Got a faintly glowing plate armour
 35869 | Desolati | Received a gift from Okawaru
 35954 | Desolati | Gained mutation: Your flesh is very heat resistant. (rF++)
                  | [evolution]
 35954 | Desolati | Lost mutation: You evolve. [end of evolution]
 36278 | Desolati | Found the +8 frozen axe "Frostbite" {freezing cloud, *Noise
                  | +Fly rC+}
 36289 | Desolati | Got a shimmering steel ring
 36307 | Desolati | Got a pitted amber ring
 36594 | Vaults:1 | Identified the ring "Lisias" {rF+ rN+ MP+9 Dex+3} (You
                  | found it in the Desolation of Salt)
 36596 | Vaults:1 | Identified the ring of Eger {+Fly rF- Str+2 Dex+3 Stlth-}
                  | (You found it in the Desolation of Salt)
 37214 | D:15     | You paid a toll of +4 fire dragon scales to enter a
                  | treasure trove
 37215 | Trove    | Entered a treasure trove
 37280 | Trove    | Got a flickering platinum amulet
 37281 | Trove    | Identified the amulet "Kituuban" {+Rage rF+ Str+4} (You
                  | found it in a treasure trove)
 37283 | Trove    | Got a wavering glass ring
 37285 | Trove    | Identified the ring of Red Wine {Fire rPois rN+++ MP-9
                  | Int-2} (You found it in a treasure trove)
 38161 | Vaults:2 | Received a gift from Okawaru
 38348 | Vaults:2 | Reached skill level 19 in Unarmed Combat
 38379 | Vaults:2 | Reached XP level 19. HP: 159/179 MP: 25/25
 38809 | Vaults:2 | Found a staircase to the Crypt.
 38809 | Vaults:2 | Found a basalt altar of Yredelemnul.
 38810 | Vaults:2 | Found an ancient bone altar of Kikubaaqudgha.
 39114 | Vaults:3 | Received a gift from Okawaru
 39298 | Vaults:3 | Received a gift from Okawaru
 39415 | Vaults:3 | Noticed Agnes
 39425 | Vaults:3 | Killed Agnes
 39452 | Vaults:3 | Received a gift from Okawaru
 39668 | Vaults:3 | Received a gift from Okawaru
 39691 | Vaults:3 | Found Luylacs's Jewellery Emporium.
 40275 | Vaults:3 | Noticed Mara
 40278 | Vaults:3 | Noticed Offal's illusion
 40325 | Vaults:3 | Noticed Offal's illusion
 40335 | Vaults:3 | Killed Mara
 40588 | Vaults:3 | Reached skill level 10 in Fighting
 41077 | Vaults:4 | Received a gift from Okawaru
 41139 | Vaults:4 | Got a creamy pearl robe {god gift}
 41211 | Vaults:3 | Identified the +2 robe "Dupn" {rCorr Int+3} (Okawaru gifted
                  | it to you on level 4 of the Vaults)
 41357 | Vaults:4 | Reached skill level 10 in Invocations
 41410 | Vaults:4 | Found Goepni's Jewellery Shoppe.
 41602 | Vaults:4 | Reached skill level 20 in Unarmed Combat
 41792 | Vaults:4 | Noticed Sojobo
 41824 | Vaults:4 | Killed Sojobo
 41824 | Vaults:4 | Reached XP level 20. HP: 85/191 MP: 19/26
 41993 | Vaults:4 | Noticed Mennas
 42008 | Vaults:4 | Annihilated by Mennas

Vault maps used:
D:1:      shiori_arrival_maze
D:2:      first_ration
D:3:      bloody_trog, minmay_mini_jars, uniq_terence, uniq_ijyb, uniq_grinder
D:4:      serial_shops, nicolae_shop_crystal, uniq_sigmund, uniq_natasha
D:5:      marbit_many_paths, nicolae_gozag_cash_rules_everything_around_me,
          kennysheep_mini_moat, serial_glass, glass_columns_a, glass_columns_a,
          glass_columns_a, glass_columns_b, basic_altar,
          cheibrodos_sewer_entry_bend, uniq_prince_ribbit1, uniq_menkaure
D:6:      nicolae_overflow_hidden_temple, lemuel_crystal_altar,
          fedhas_ov_isle_minmay
D:7:      old_standard_altar, minmay_temple_entry_glass, minivault_24
D:8:      dpeg_oklobed_lair, corexii_checkpoint_a, uniq_joseph, uniq_gastronok
D:9:      nicolae_ru_path_of_blood, chequers_temple_overflow_statue_of_worship,
          serial_column_ruins, column_ruins_columns_corner,
          column_ruins_columns_straight, column_ruins_grid_1,
          column_ruins_grid_1, column_ruins_columns_corner, hangedman_fish_farm,
          okawaru_humans
D:10:     zombieorc1_lemuel, grunt_decor_mini_mirrors,
          minmay_hollow_rounded_squares
D:11:     serial_shops, nicolae_shop_crystal, tgw_sif
D:12:     minmay_the_grid_triangle_9x9_recursive_2, minmay_misc_feat_columns
D:13:     david_vaults_4, grunt_decor_resistance
D:14:     cheibrodos_elevator_heist, chequers_big_river
D:15:     gammafunk_enter_depths_forms, nicolae_wwwww, enter_trove_2,
          uniq_louise, uniq_kirke
Lair:2:   uniq_harold
Lair:3:   minmay_swamp_entry_wisps, spider_nest_entry_a, beast_lair_carwin_7,
          grunt_megastairs_2
Lair:4:   minmay_shattered_shrine, infiniplex_staircase_pool_2
Lair:5:   gammafunk_cloud_chamber, basic_altar, lemuel_fruit_fields
Lair:6:   guppyfry_lair_end_dragon, hangedman_lair_caniforms_friends,
          slime_dummy
Spider:1: spider_trap
Spider:2: uniq_frances, uniq_azrael
Spider:3: ebering_ghost_rock_garden, uniq_arachne
Spider:4: spider_rune_water
Orc:2:    st_orc_town, serial_shops, shop
Vaults:1: gammafunk_vaults_ghost_grave, nicolae_vaults_arrows, v_rooms_3,
          vaults_room_fancy_cross, hangedman_vaults_maws,
          nicolae_vaults_twisting_passages, hangedman_vaults_unwind,
          nicolae_vaults_big_ls, vaults_mumra_chevron_long, v_misc_16
Vaults:2: hangedman_vaults_restitches, minmay_crypt_entry_necro_gods,
          nicolae_vaults_little_ls, v_misc_15,
          nicolae_vaults_diagonal_hallway_7, nicolae_vaults_quartermaster,
          nicolae_vaults_specimen_jars, vaults_mumra_hex, v_misc_18, v_misc_29,
          ontoclasm_vaults_ligature, vaults_room_fours,
          portal_desolation_entry_garden
Vaults:3: nicolae_vaults_circle_grid_b, v_misc_12, hangedman_vaults_trim,
          v_pattern_5, ontoclasm_vaults_spin, ontoclasm_vaults_ring_square,
          vaults_room_grid, v_misc_14, vaults_room_ringed_pool, v_alt_pattern_2,
          sword_in_stone, serial_shops, shop, uniq_mara
Vaults:4: nicolae_vaults_triangles, v_rooms_4, ontoclasm_vaults_idyll,
          hangedman_vaults_hat, nicolae_vaults_alarming, v_alt_pattern_2,
          hangedman_vaults_slice, vaults_room_pools, serial_shops,
          nicolae_shop_waterfront, uniq_sojobo, uniq_mennas
Trove:    trove_garden
Sewer:    sewer_sea

Skill      XL: |  1  2  3  4  5  6  7  8  9 10 11 12 13 14 15 16 17 18 19 |
---------------+----------------------------------------------------------+-----
Unarmed Combat | 1 3 5 6 8 9 10 11 13 14 16 17 19 20 | 20.0
Air Magic      | 1 2 3 |  3.0
Fighting       | 1 2 3 5 6 7 8 9 10 | 10.3
Poison Magic   | 3 4 5 6 |  6.4
Spellcasting   | 2 3 4 |  4.9
Invocations    | 2 4 5 6 7 8 10 | 10.3
Evocations     | 1 3 4 5 |  5.0
Armour         | 4 6 10 11 12 13 14 | 14.4
Shields        | 4 8 9 11 12 | 12.5
Throwing       | 1 3 6 |  6.0
Long Blades    | |  0.2
Dodging        | |  1.5
Stealth        | |  1.0
Conjurations   | |  0.6

Action                   |  1- 3 |  4- 6 |  7- 9 | 10-12 | 13-15 | 16-18 | 19-21 || total
-------------------------+-------+-------+-------+-------+-------+-------+-------++-------
Melee: Unarmed           |   139 |   180 |   322 |   762 |  1338 |  1439 |   526 ||  4706
       Punch             |     1 |     2 |    10 |    16 |     2 |       |       ||    31
       Headbutt          |       |       |       |    13 |   248 |   285 |   121 ||   667
       Scimitar          |       |       |       |       |    44 |       |       ||    44
Throw: Tomahawk          |       |       |       |     6 |       |       |       ||     6
       Javelin           |       |       |       |     5 |     2 |       |       ||     7
       Large rock        |       |       |       |       |    27 |    11 |       ||    38
 Cast: Sting             |       |     5 |       |       |       |       |       ||     5
       Poisonous Vapours |       |       |    40 |    39 |       |       |       ||    79
       Olgreb's Toxic Ra |       |       |       |     4 |       |       |       ||     4
Invok: Heroism           |       |       |       |     7 |     6 |    19 |     5 ||    37
       Finesse           |       |       |       |     2 |     4 |     8 |     4 ||    18
 Abil: Evoke Invisibilit |       |       |       |       |     4 |     2 |       ||     6
Evoke: Wand              |       |       |     3 |     6 |     6 |       |     3 ||    18
       Lamp of fire      |       |       |       |       |     1 |       |       ||     1
  Use: Potion            |       |     3 |       |       |     2 |     6 |     1 ||    12
       Scroll            |       |     3 |    10 |     4 |    10 |    16 |       ||    43
 Stab: Sleeping          |     4 |       |     2 |       |       |       |       ||     6
       Distracted        |       |       |       |     1 |       |       |       ||     1
       Invisible         |       |       |       |       |    13 |     9 |       ||    22
  Eat: Chunk             |    18 |    13 |    40 |    77 |   122 |    91 |    31 ||   392
       Ration            |       |       |       |     3 |       |     5 |       ||     8
Armor: Robe              |    42 |    76 |   139 |    51 |       |       |       ||   308
       Gold dragon scale |       |       |       |   503 |   790 |   786 |   185 ||  2264
Dodge: Dodged            |    58 |    91 |   149 |   100 |    35 |    41 |     5 ||   479
Block: Large shield      |       |       |       |       |   958 |  1349 |   386 ||  2693
       Other             |       |       |       |       |    25 |       |       ||    25
       Reflection        |       |       |       |       |    19 |    35 |    30 ||    84
       Rpst.: Scimitar   |       |       |       |       |     1 |       |       ||     1

Table legend:
 A = Non-vault XP
 B = Vault XP
 C = Vault XP percentage of total XP
 D = Non-vault monster count
 E = Vault monster count
 F = Vault count percentage of total count
                 A         B        C        D         E       F
            +---------+---------+-------+---------+---------+-------
      Total |  242419 |  235753 |  49.3 |     908 |     565 |  38.4
            +---------+---------+-------+---------+---------+-------
        D:1 |      40 |       4 |   9.1 |      22 |       2 |   8.3
        D:2 |      63 |       0 |   0.0 |      29 |       0 |   0.0
        D:3 |     303 |     104 |  25.6 |      27 |      11 |  28.9
        D:4 |     201 |     273 |  57.6 |      12 |       2 |  14.3
        D:5 |     158 |     474 |  75.0 |       9 |       4 |  30.8
        D:6 |     991 |       0 |   0.0 |      26 |       0 |   0.0
        D:7 |    1398 |       0 |   0.0 |      30 |       0 |   0.0
        D:8 |    2435 |    2755 |  53.1 |      19 |       4 |  17.4
        D:9 |    4178 |     685 |  14.1 |      41 |       3 |   6.8
       D:10 |    5170 |    2876 |  35.7 |      44 |      35 |  44.3
       D:11 |    5465 |     100 |   1.8 |      21 |       1 |   4.5
       D:12 |    3003 |    4695 |  61.0 |      11 |      14 |  56.0
       D:13 |    6434 |    3773 |  37.0 |      30 |       7 |  18.9
       D:14 |    9711 |    2713 |  21.8 |      39 |       6 |  13.3
       D:15 |   18863 |    8658 |  31.5 |      39 |      12 |  23.5
     Lair:1 |    4746 |       0 |   0.0 |      18 |       0 |   0.0
     Lair:2 |    1935 |     923 |  32.3 |       9 |       1 |  10.0
     Lair:3 |    2870 |    1990 |  40.9 |      18 |      10 |  35.7
     Lair:4 |   10649 |    7956 |  42.8 |      33 |      13 |  28.3
     Lair:5 |    5106 |    2265 |  30.7 |      20 |       5 |  20.0
     Lair:6 |    3122 |   14908 |  82.7 |      13 |      69 |  84.1
   Spider:1 |   11992 |       0 |   0.0 |      34 |       0 |   0.0
   Spider:2 |   21703 |    4482 |  17.1 |      59 |       7 |  10.6
   Spider:3 |   15511 |    3917 |  20.2 |      45 |       1 |   2.2
   Spider:4 |   17280 |   22731 |  56.8 |      44 |      41 |  48.2
      Orc:1 |    3936 |     125 |   3.1 |      25 |       1 |   3.8
      Orc:2 |    2272 |    9015 |  79.9 |      40 |      55 |  57.9
   Vaults:1 |   28532 |   15320 |  34.9 |      58 |      29 |  33.3
   Vaults:2 |   16882 |   24190 |  58.9 |      26 |      47 |  64.4
   Vaults:3 |   21055 |   34411 |  62.0 |      46 |      32 |  41.0
   Vaults:4 |   16415 |   18870 |  53.5 |      21 |      24 |  53.3
      Sewer |       0 |     155 | 100.0 |       0 |      39 | 100.0
 Desolation |       0 |   47385 | 100.0 |       0 |      90 | 100.0
            +---------+---------+-------+---------+---------+-------
